 Dungeon Crawl Stone Soup version 0.19.1 (webtiles) character file.

2902 omegacute the Basher (level 9, -21/157 HPs)
             Began as an Ogre Berserker on Nov 29, 2016.
             Was an Elder of Trog.
             Killed from afar by Erica (25 damage)
             ... with an orb of energy
             ... on level 8 of the Dungeon.
             The game lasted 00:22:55 (7247 turns).

omegacute the Basher (Ogre Berserker)               Turns: 7247, Time: 00:22:56

Health: -21/157    AC:  4    Str: 30    XL:     9   Next: 78%
Magic:  9/9        EV: 11    Int:  6    God:    Trog [****..]
Gold:   318        SH:  0    Dex: 11    Spells: 0 memorised, 8 levels left

rFire  . . .     SeeInvis .     m - +0 giant club
rCold  . . .     Gourm    .     q - +0 robe
rNeg   . . .     Faith    .     (shield currently unavailable)
rPois  .         Spirit   .     (helmet restricted)
rElec  .         Reflect  .     s - +0 cloak
rCorr  .         Harm     .     (gloves unavailable)
MR     .....                    (boots unavailable)
Stlth  ..........               (no amulet)
                                (no ring)
                                (no ring)

@: confused, berserking (expiring), lethally poisoned (-21 -> -29), slowed,
drained
A: unfitting armour, tough skin 1
a: Berserk, Trog's Hand, Brothers in Arms, Burn Spellbooks, Renounce Religion


You were on level 8 of the Dungeon.
You worshipped Trog.
Trog was greatly pleased with you.
You were hungry.

You visited 1 branch of the dungeon, and saw 8 of its levels.

You collected 318 gold pieces.

Inventory:

Hand Weapons
 k - a +1 flail of crushing
 m - a +0 giant club (weapon)
Armour
 q - a +0 robe (worn)
 s - a +0 cloak (worn)
Wands
 w - a wand of polymorph (13/24)
 B - a wand of digging (8/24)
Scrolls
 b - a scroll of fear {unknown}
 d - 3 scrolls of identify
 h - 2 scrolls of random uselessness {unknown}
 i - a scroll of blinking {unknown}
 j - 2 scrolls of immolation {unknown}
 o - 2 scrolls of teleportation {unknown}
 p - 3 scrolls of enchant weapon {unknown}
 D - a scroll of noise {unknown}
 E - a scroll of magic mapping {unknown}
Potions
 a - a potion of haste {unknown}
 e - 3 potions of flight
 f - a potion of mutation {unknown}
 g - 2 potions of might {unknown}
 r - 3 potions of heal wounds {unknown}
 t - 4 potions of curing {unknown}
 u - a potion of degeneration {unknown}
 v - a potion of cancellation {unknown}
 x - 2 potions of lignification {unknown}
 A - a potion of brilliance {unknown}
Books
 y - a book of Air

   Spells                             Type                      Level
   a - Shock                          Conjuration/Air              1
   b - Swiftness                      Charms/Air                   2
   c - Repel Missiles                 Charms/Air                   2
   d - Static Discharge               Conjuration/Air              3
   e - Lightning Bolt                 Conjuration/Air              5
   Trog disapproves of the use of such an item.
Comestibles
 c - 6 bread rations
 l - a royal jelly
 n - 9 fruits
 z - 3 beef jerkies
 C - 4 chunks of flesh


   Skills:
 - Level 11.3(10.2) Fighting
 - Level 12.5(11.4) Maces & Flails
 + Level 4.5(3.6) Dodging


You had 8 spell levels left.
You didn't know any spells.

Dungeon Overview and Level Annotations

Branches:
Dungeon (8/15)             Temple (0/1) D:4
   Lair: D:8-11

Altars:
Ashenzari
Hepliaklqana
Qazlal
Sif Muna
Trog
Xom

Shops:
D:6 (

Annotations:
D:8 Erica


Innate Abilities, Weirdness & Mutations

You are too large for most types of armour.
You have tough skin. (AC +1)


Message History

* * * LOW HITPOINT WARNING * * *
You take 14 damage, and have 21/157 hp.
You hammer something like a gong!!!
You feel sick. Something hits you!
* * * LOW HITPOINT WARNING * * *
Something burns you.
* * * LOW HITPOINT WARNING * * *
You take 15 damage, and have 6/157 hp.
You miss something.
* * * LOW HITPOINT WARNING * * *
You feel sick.
You hear some strange, mumbled words.
You are confused.
You take 1 damage, and have 5/157 hp.
You bump into the rock wall.
* * * LOW HITPOINT WARNING * * *
You feel sick.
You hear some strange, mumbled words.
An orb of energy appears from out of thin air!
The orb of energy hits you!
You die...

#..#.#..........#
. #
##########.####
#.......#
#.##.##.# #.##.#
# #.#..# #.#.## #
#.#.###.#
#....@{.#
###.##### #.# #.#
#.# ..# ###


There were no monsters in sight!

Vanquished Creatures
  Pikel (D:4)
  A hippogriff (D:7)
  An orc warrior (D:7)
  An ice beast (D:5)
  A phantom (D:6)
  2 sky beasts
  A slave (D:4)
  4 ogres
  A crocodile (D:7)
  A centaur (D:6)
  2 bullfrogs
  A water moccasin zombie (D:6)
  A scorpion (D:6)
  A water moccasin skeleton (D:6)
  5 wights (D:7)
  3 crimson imps
  A bullfrog zombie (D:5)
  A hound (D:5)
  4 orc priests
  A bullfrog skeleton (D:4)
  2 orc wizards (D:5)
  Ijyb (D:3)
  2 iguanas
  5 worker ants
  A killer bee zombie (D:7)
  2 hound zombies (D:6)
  A howler monkey skeleton (D:6)
  4 adders
  A shadow imp (D:6)
  An ooze (D:4)
  2 adder skeletons
  An adder zombie (D:6)
  4 worms
  3 dart slugs
  4 leopard geckos
  20 orcs
  A ball python (D:2)
  A giant cockroach (D:4)
  18 goblins
  8 hobgoblins
  8 jackals
  3 quokkas
  6 bats
  7 frilled lizards
  A jackal zombie (D:7)
  9 kobolds
  A quokka zombie (D:7)
  12 rats
163 creatures vanquished.

Vanquished Creatures (others)
  A slave (D:4)
  2 ogres (D:6)
  A bullfrog (D:6)
  A howler monkey (D:4)
  A crimson imp (D:6)
  A howler monkey skeleton (D:4)
  An adder (D:6)
  2 orcs (D:4)
10 creatures vanquished.

Grand Total: 173 creatures vanquished

Notes
Turn   | Place    | Note
-------+----------+-------------------------------------------
     0 | D:1      | omegacute the Ogre Berserker began the quest for the Orb.
     0 | D:1      | Reached XP level 1. HP: 24/24 MP: 1/1
   366 | D:1      | Reached XP level 2. HP: 32/32 MP: 2/2
   412 | D:1      | Reached skill level 5 in Maces & Flails
   755 | D:1      | Reached XP level 3. HP: 37/39 MP: 3/3
   760 | D:1      | Reached ** piety under Trog
  1219 | D:2      | Reached skill level 6 in Maces & Flails
  1547 | D:2      | Found a hazy altar of Hepliaklqana.
  1593 | D:3      | Found a faded altar of an unknown god.
  1604 | D:3      | Reached XP level 4. HP: 44/48 MP: 4/4
  1618 | D:3      | Reached *** piety under Trog
  1977 | D:3      | Noticed an ogre
  1980 | D:3      | Killed an ogre
  1980 | D:3      | Reached skill level 8 in Maces & Flails
  1980 | D:3      | Reached XP level 5. HP: 54/54 MP: 5/5
  2451 | D:3      | Noticed Ijyb
  2456 | D:3      | Killed Ijyb
  2769 | D:4      | Reached XP level 6. HP: 48/62 MP: 6/6
  3076 | D:4      | Found a stormy altar of Qazlal.
  3077 | D:4      | Noticed Pikel
  3077 | D:4      | Noticed a slave
  3077 | D:4      | Noticed a slave
  3078 | D:4      | Noticed a slave
  3078 | D:4      | Noticed a slave
  3104 | D:4      | Killed a slave
  3124 | D:4      | Killed Pikel
  3124 | D:4      | Reached skill level 11 in Maces & Flails
  3124 | D:4      | Reached XP level 7. HP: 45/70 MP: 7/7
  3305 | D:4      | Found a staircase to the Ecumenical Temple.
  3398 | D:4      | Found a bloodstained altar of Trog.
  3630 | D:5      | Entered Level 5 of the Dungeon
  3728 | D:5      | Found a shattered altar of Ashenzari.
  3756 | D:5      | Reached XP level 8. HP: 72/78 MP: 8/8
  3788 | D:5      | Reached **** piety under Trog
  3791 | D:5      | Reached skill level 12 in Maces & Flails
  4223 | D:5      | Found a deep blue altar of Sif Muna.
  4540 | D:6      | Reached skill level 5 in Fighting
  5241 | D:6      | Found Heqaulyp's Weapon Emporium.
  5265 | D:6      | Reached XP level 9. HP: 88/97 MP: 9/9
  5281 | D:6      | Found a shimmering altar of Xom.
  5813 | D:7      | Reached skill level 10 in Fighting
  7232 | D:8      | Noticed Erica
  7245 | D:8      | HP: 6/157 [something (5)]
  7247 | D:8      | Killed from afar by Erica

Skill      XL: |  1  2  3  4  5  6  7  8  9 |
---------------+----------------------------+-----
Maces & Flails | 5 6 8 11 12 | 12.5
Fighting       | 8 11 | 11.3
Dodging        | 4 |  4.5

Action                   |  1- 3 |  4- 6 |  7- 9 || total
-------------------------+-------+-------+-------++-------
Melee: Mace              |   134 |    12 |       ||   146
       Flail             |       |    99 |   261 ||   360
       Unarmed           |       |    19 |       ||    19
       Giant club        |       |       |    15 ||    15
Invok: Berserk           |       |     4 |     7 ||    11
       Trog's Hand       |       |     1 |       ||     1
  Use: Scroll            |       |       |     3 ||     3
  Eat: Chunk             |     2 |     8 |    18 ||    28
       Royal jelly       |       |       |     1 ||     1
Armor: Animal skin       |    45 |     8 |       ||    53
       Robe              |       |    16 |    42 ||    58
Dodge: Dodged            |    71 |    70 |   106 ||   247
